 Dungeon Crawl Stone Soup version 0.28.0-45-g0d030f2227 (webtiles) character file.

Game seed: 3996039635310363135

2 McKennaii the Conjurer (level 1, 0/13 HPs)
             Began as a Demonspawn Conjurer on Apr 14, 2022.
             Slain by a kobold
             ... wielding a +0 club
              (2 damage)
             ... on level 1 of the Dungeon.
             The game lasted 00:00:06 (103 turns).

McKennaii the Conjurer (Demonspawn Conjurer)         Turns: 103, Time: 00:00:07

Health: 0/13       AC:  2    Str:  7    XL:     1   Next: 25%
Magic:  1/3        EV:  9    Int: 19    God:
Gold:   0          SH:  0    Dex: 11    Spells: 3/4 levels left

rFire   . . .      SeeInvis .   (no weapon)
rCold   . . .      Faith    .   (no shield)
rNeg    . . .      Spirit   .   a - +0 robe
rPois   .          Reflect  .   (no helmet)
rElec   .          Harm     .   (no cloak)
rCorr   .          Rampage  .   (no gloves)
Will    .....                   (no boots)
Stlth   ++........              (no amulet)
HPRegen 0.04/turn               (no ring)
MPRegen 0.08/turn               (no ring)

@: constricted
A: no striking features
a: no special abilities


You were on level 1 of the Dungeon.
You visited 1 branch of the dungeon, and saw 1 of its levels.

Inventory:

Armour
 a - a +0 robe (worn)
Potions
 b - a potion of might {unknown}


   Skills:
 - Level 1.7 Dodging
 - Level 1.7 Stealth
 + Level 2.0 Spellcasting
 + Level 4.0 Conjurations


You had 3 spell levels left.
You knew the following spells:

 Your Spells              Type           Power      Damage    Failure   Level
a - Magic Dart            Conj           68%        1d6       3%          1

Your spell library contained the following spells:

 Spells                   Type           Power      Damage    Failure   Level
 Searing Ray              Conj           34%        2d5       4%          2
 Dazzling Flash           Conj/Hex       18%        N/A       22%         3
 Fulminant Prism          Conj/Hex       4%         3d6       58%         4
 Iskenderun's Mystic Bla  Conj/Tloc      9%         2d4       58%         4


Dungeon Overview and Level Annotations

Branches:
Dungeon (1/15)

Altars:


Message History

The rat is heavily wounded.
The rat barely misses you.
There are monsters nearby!
The magic dart hits the rat.
You kill the rat!
There are monsters nearby!
The magic dart hits the giant cockroach but does no damage.
The giant cockroach bites you.
Found a leather armour.
The kobold closely misses you. The hobgoblin closely misses you.
A rat comes into view.
The hobgoblin hits you. The kobold hits you but does no damage.
The giant cockroach bites you but does no damage.
A bat comes into view.
A giant cockroach comes into view.
Found an escape hatch in the floor.
A ball python comes into view.
An endoplasm comes into view.
The ball python hisses angrily.
The endoplasm quivers.
Found a stone staircase leading down.
You hit the ball python but do no damage.
The ball python bites you but does no damage.
The ball python grabs you. The ball python constricts you.
The hobgoblin hits you. The kobold closely misses you.
You hit the ball python but do no damage.
The ball python closely misses you. The ball python constricts you.
The hobgoblin hits you. The kobold hits you with a +0 club.
You escape the ball python's grasp.
The ball python bites you. The ball python barely misses you.
The hobgoblin hits you.
You hit the endoplasm.
The endoplasm is heavily wounded.
The giant cockroach misses you. The endoplasm freezes you.
You are frozen.
* * * LOW HITPOINT WARNING * * *
The ball python closely misses you. The ball python grabs you.
The ball python constricts you. The hobgoblin closely misses you.
The kobold hits you with a +0 club.
You die...

##..# #### ##........
#........# #........#
########........#
###......#........##
....................#
..........##.SJ.....>#
.........b....K@.....#
..............rgB.>.....
..................B....#
.......................#
.......................#
......................##
......................#
...............########
...............#


You could see an endoplasm, 2 giant cockroaches, a hobgoblin, a bat (asleep), a
ball python, a kobold and a rat.

Vanquished Creatures
  A bat (D:1)
  A rat (D:1)
2 creatures vanquished.

Notes
Turn   | Place    | Note
-------+----------+-------------------------------------------
     0 | D:1      | McKennaii the Demonspawn Conjurer began the quest for the
                  | Orb.
     0 | D:1      | Reached XP level 1. HP: 13/13 MP: 3/3
   103 | D:1      | Slain by a kobold

Illustrated notes

Levels and vault maps discovered:
D:1:      lemuel_arrival_funnel, layout_basic, wad_floor_pattern_2, minivault_4

Action                   || total
-------------------------++-------
Melee: Unarmed           ||     3
 Cast: Magic Dart        ||     5
Armor: Robe              ||     3
Dodge: Dodged            ||     9
